 Dungeon Crawl Stone Soup version 0.27-a0-1595-g0b823d0a13 (webtiles) character file.

Game seed: 17952694978569969131

32 bobarctor the Grave Robber (level 3, -1/19 HPs)
             Began as a Deep Elf Necromancer on July 21, 2021.
             Slain by a jackal (3 damage)
             ... on level 1 of the Dungeon.
             The game lasted 00:03:35 (1452 turns).

bobarctor the Grave Robber (Deep Elf Necromancer)   Turns: 1452, Time: 00:03:35

Health: -1/19      AC:  2    Str:  5    XL:     3   Next: 10%
Magic:  2/10       EV: 12    Int: 20    God:
Gold:   16         SH:  0    Dex: 15    Spells: 8/10 levels left

rFire    . . .     SeeInvis .   b - +0 club
rCold    . . .     Faith    .   (no shield)
rNeg     . . .     Spirit   .   a - +0 robe
rPois    .         Reflect  .   (no helmet)
rElec    .         Harm     .   (no cloak)
rCorr    .         Rampage  .   (no gloves)
Will     .....                  (no boots)
Stlth    ++........             (no amulet)
HPRegen  0.06/turn              (no ring)
MPRegen  0.12/turn              (no ring)

@: very slightly contaminated
A: no striking features
a: no special abilities


You were on level 1 of the Dungeon.
You visited 1 branch of the dungeon, and saw 1 of its levels.

You collected 16 gold pieces.

Inventory:

Hand Weapons
 b - a +0 club (weapon)
 d - a +0 dagger
Missiles
 c - 52 stones (quivered)
 h - 22 arrows
Armour
 a - a +0 robe (worn)
Jewellery
 i - an amulet of faith
Scrolls
 f - a scroll of fog {unknown}
Potions
 e - a potion of curing {unknown}
 g - a potion of ambrosia {unknown}


   Skills:
 + Level 2.6 Dodging
 + Level 2.5 Stealth
 * Level 4.2 Spellcasting
 + Level 5.3 Necromancy


You had 8 spell levels left.
You knew the following spells:

 Your Spells              Type           Power      Damage    Failure   Level
a - Pain                  Necr           100%       1d9       1%          1
b - Animate Skeleton      Necr           50%        N/A       1%          1

Your spell library contained the following spells:

 Spells                   Type           Power      Damage    Failure   Level
 Vampiric Draining        Necr           12%        2d7       4%          3
 Animate Dead             Necr           12%        N/A       14%         4
 Agony                    Necr           25%        N/A       36%         5


Dungeon Overview and Level Annotations

Branches:
Dungeon (1/15)

Altars:


Message History

The jackal writhes in agony!
You kill the jackal!
The jackal closely misses you.
Casting: Pain (safe; 1% risk of failure)
Confirm with . or Enter, or press ? or * to list all spells.
Aiming: Pain (safe; 1% risk of failure)
Press: ? - help, Shift-Dir - straight line, f - jackal
Aim: a jackal (chance to affect: 93%)
You miscast Pain.
You are very lightly contaminated with residual magic.
Nothing appears to happen.
The jackal bites you.
Casting: Pain (safe; 1% risk of failure)
Confirm with . or Enter, or press ? or * to list all spells.
Aiming: Pain (safe; 1% risk of failure)
Press: ? - help, Shift-Dir - straight line, f/p - jackal
Aim: a jackal (chance to affect: 93%)
The jackal writhes in agony.
The jackal bites you but does no damage.
Casting: Pain (safe; 1% risk of failure)
Confirm with . or Enter, or press ? or * to list all spells.
Aiming: Pain (safe; 1% risk of failure)
Press: ? - help, Shift-Dir - straight line, f/p - jackal
Aim: a jackal (moderately wounded, chance to affect: 93%)
The jackal barely resists.
The jackal bites you.
* * * LOW HITPOINT WARNING * * *
The jackal bites you.
* * * LOW HITPOINT WARNING * * *
Casting: Pain (safe; 1% risk of failure)
Confirm with . or Enter, or press ? or * to list all spells.
Aiming: Pain (safe; 1% risk of failure)
Press: ? - help, Shift-Dir - straight line, f/p - jackal
Aim: a jackal (moderately wounded, chance to affect: 93%)
The jackal writhes in agony.
The jackal closely misses you.
You hit the jackal but do no damage.
The jackal is heavily wounded.
The jackal barely misses you. The jackal closely misses you.
You miss the jackal.
The jackal is heavily wounded.
The jackal bites you.
You die...

#.......####...##♣ ♣♣ .. .
##.......## #...#.♣
.♣♣♣♣P..♣# #.........#
#.#.#.# ....♣$.♣..
#.........# #.#.#.#
....##...h #.........#
#.#.#.# ....# #.h.
#.........###.#.#.# ....#
#... ♣♣♣♣♣♣♣..........#.#
....#
#...♣♣♣♣.♣♣..♣...####.#...#
....# #........h@......#
#.....# ....#
#...♣P.P♣♣♣P♣♣...# #######
....# ####♣♣♣♣♣ ♣♣♣♣####
#....P# ....##########
#'###.# .............#
#...#.# .............#
####.#.# ###..........#
##....8.' ###..........#
#######P_.#####
.........♣♣♣♣♣♣♣♣
#.'P8....## #.


You could see a jackal.

Vanquished Creatures
  4 ball pythons (D:1)
  3 endoplasms (D:1)
  2 giant cockroaches (D:1)
  3 goblins (D:1)
  2 hobgoblins (D:1)
  7 jackals (D:1)
  A quokka (D:1)
  A frilled lizard (D:1)
  3 rats (D:1)
26 creatures vanquished.

Notes
Turn   | Place    | Note
-------+----------+-------------------------------------------
     0 | D:1      | bobarctor the Deep Elf Necromancer began the quest for the
                  | Orb.
     0 | D:1      | Reached XP level 1. HP: 10/10 MP: 6/6
   225 | D:1      | Reached skill level 5 in Necromancy
   307 | D:1      | Found a faded altar of an unknown god.
   361 | D:1      | Reached XP level 2. HP: 14/15 MP: 6/8
   363 | D:1      | Learned a level 1 spell: Animate Skeleton
  1385 | D:1      | Reached XP level 3. HP: 18/19 MP: 8/10
  1452 | D:1      | Slain by a jackal

Illustrated notes

Levels and vault maps discovered:
D:1:      mainiacjoe_arrival_reflecting_pool, layout_basic, serial_forest,
          infiniplex_forest_end_1, infiniplex_forest_zigzag_1,
          infiniplex_forest_end_double, infiniplex_forest_straight_5,
          infiniplex_forest_lined_3, infiniplex_forest_fountain,
          shapermc_ecumenical_altar_ellora, minmay_misc_feat_room,
          minmay_statues_item

Skill      XL: |  1  2 |
---------------+-------+-----
Necromancy     | 5 |  5.3
Spellcasting   | 4 |  4.2
Dodging        | |  2.6
Stealth        | |  2.5

Action                   || total
-------------------------++-------
Melee: Club              ||     2
 Cast: Pain              ||    48
Armor: Robe              ||     2
Dodge: Dodged            ||    12

Table legend: (Time is in decaauts)
 A = Elapsed time spent in this place.
 B = Non-inter-level travel time spent in this place.
 C = Inter-level travel time spent in this place.
 D = Time resting spent in this place.
 E = Time spent auto-exploring this place.
 F = Levels seen in this place.
 G = Mean time per level.
                   A        B        C        D        E       F      G
               +--------+--------+--------+--------+--------+-----+--------+
         Total |   1451 |   1451 |      0 |    619 |    663 |   1 | 1451.0 |
       Dungeon |   1451 |   1451 |      0 |    619 |    663 |   1 | 1451.0 |
               +--------+--------+--------+--------+--------+-----+--------+

Top non-repeatable levels by time:
     D:1: 1451 daAuts
